 Dungeon Crawl Stone Soup version 0.28.0-43-g3370ac3207 (webtiles) character file.

Game seed: 12376667660236704529

36 experimilk the Shooter (level 3, -7/20 HPs)
             Began as a Deep Elf Arcane Marksman on Mar 12, 2022.
             Mangled by a worm (10 damage)
             ... on level 2 of the Dungeon.
             The game lasted 00:04:47 (1586 turns).

experimilk the Shooter (Deep Elf Arcane Marksman)   Turns: 1586, Time: 00:04:47

Health: -7/20      AC:  2    Str:  9    XL:     3   Next: 19%
Magic:  7/7        EV: 12    Int: 17    God:
Gold:   28         SH:  0    Dex: 15    Spells: 4/5 levels left

rFire   . . .      SeeInvis .   b - +0 dagger
rCold   . . .      Faith    .   (no shield)
rNeg    . . .      Spirit   .   d - +0 robe
rPois   .          Reflect  .   (no helmet)
rElec   .          Harm     .   (no cloak)
rCorr   .          Rampage  .   (no gloves)
Will    .....                   (no boots)
Stlth   +.........              (no amulet)
HPRegen 0.06/turn               (no ring)
MPRegen 0.10/turn               (no ring)

@: no status effects
A: no striking features
a: no special abilities


You were on level 2 of the Dungeon.
You visited 1 branch of the dungeon, and saw 2 of its levels.

You collected 28 gold pieces.

Inventory:

Hand Weapons
 a - a +0 shortbow
 b - a +0 dagger (weapon)
Armour
 d - a +0 robe (worn)
Jewellery
 e - a ring of protection from fire
Scrolls
 g - a scroll of identify {unknown}
 h - a scroll of magic mapping {unknown}
 i - 3 scrolls of fear {unknown}
 k - a scroll of amnesia {unknown}
Potions
 f - 2 potions of heal wounds {unknown}
 j - a potion of might {unknown}


   Skills:
 - Level 0.7 Fighting
 * Level 5.0 Bows
 - Level 2.4 Dodging
 - Level 1.5 Spellcasting
 - Level 4.0 Hexes


You had 4 spell levels left.
You knew the following spells:

 Your Spells              Type           Power      Damage    Failure   Level
a - Slow                  Hex            56%        N/A       4%          1

Your spell library contained the following spells:

 Spells                   Type           Power      Damage    Failure   Level
 Inner Flame              Hex/Fire       8%         N/A       26%         3
 Portal Projectile        Hex/Tloc       16%        N/A       26%         3
 Cause Fear               Hex            7%         N/A       36%         4
 Ozocubu's Armour         Ice            1%         N/A       52%         3
 Metabolic Englaciation   Hex/Ice        4%         N/A       94%         5
 Simulacrum               Ice/Necr       0%         N/A       100%        6


Dungeon Overview and Level Annotations

Branches:
Dungeon (2/15)

Altars:


Message History

The goblin hits you with a +0 dagger.
Fire: 2 arrows
Press: ? - help, Q - select action, (/) - cycle Shift-Dir - straight line, f/p - goblin
Aim: a goblin, wielding a +0 dagger (moderately wounded, 53% to hit)
You shoot an arrow. The arrow hits the goblin.
You kill the goblin!
Your Bows skill increases to level 5!
Fire: arrow
Press: ? - help, Q - select action, (/) - cycle Shift-Dir - straight line, f - worm
Aim: a worm (79% to hit)
You shoot an arrow. The arrow hits the worm.
The worm is moderately wounded.
Unknown command.
Unknown command.
Unknown command.
Unknown command.
Unknown command.
Unknown command.
b - a +0 dagger (weapon)
Things that are here:
an arrow; a +0 dagger The worm bites you.
Things that are here:
an arrow; a +0 quarterstaff You hit the worm but do no damage.
The worm is lightly wounded.
You hit the worm.
The worm is moderately wounded.
The worm bites you!
* * * LOW HITPOINT WARNING * * *
You hit the worm but do no damage.
The worm is moderately wounded.
You barely miss the worm.
The worm is moderately wounded.
The worm closely misses you.
You hit the worm.
The worm is moderately wounded.
The worm bites you!
Ouch! That really hurt!
You die...

#.........# #.........#########
#.........#.......####
#|........'..(........
#.........#.......##
#.........#.......#
+.........+....####
##.........####.#############
.............(@w(..(...........
######.....)<#####.############
######### #.# ... ....r .......
#.....w.. #.........


You could see a worm.

Vanquished Creatures
  A dart slug (D:1)
  6 ball pythons (D:1)
  2 endoplasms (D:1)
  A giant cockroach (D:1)
  3 goblins
  3 hobgoblins
  4 jackals (D:1)
  3 kobolds
  2 quokkas
  3 bats (D:1)
28 creatures vanquished.

Notes
Turn   | Place    | Note
-------+----------+-------------------------------------------
     0 | D:1      | experimilk the Deep Elf Arcane Marksman began the quest for
                  | the Orb.
     0 | D:1      | Reached XP level 1. HP: 11/11 MP: 5/5
    19 | D:1      | Reached skill level 3 in Bows
   217 | D:1      | Reached XP level 2. HP: 15/16 MP: 3/6
   295 | D:1      | Reached skill level 4 in Bows
  1243 | D:1      | Reached XP level 3. HP: 20/20 MP: 7/7
  1578 | D:2      | Reached skill level 5 in Bows
  1586 | D:2      | Mangled by a worm

Illustrated notes

Levels and vault maps discovered:
D:1:      roderic_dead_forest, layout_loops_ring
D:2:      layout_basic

Skill      XL: |  1  2  3 |
---------------+----------+-----
Bows           | 3 4 5 |  5.0
Fighting       | |  0.7
Dodging        | |  2.4
Spellcasting   | |  1.5
Hexes          | |  4.0

Action                   || total
-------------------------++-------
Melee: Dagger            ||    25
 Fire: Shortbow          ||    81
 Cast: Slow              ||    16
Armor: Robe              ||     9
Dodge: Dodged            ||    49
